MID
CHARLESTON RIVERDOGS @ DELMARVA SHOREBIRDS
08/21/2049
 
TOP OF THE 1ST
Charleston RiverDogs batting - Pitching for Delmarva Shorebirds : LHP Ryan Watkins
Pitching: LHP Ryan Watkins
Batting: LHB Ernesto Abreu 0-0: Called Strike
0-1: Ball
1-1: Foul Ball, location: 2F
1-2: Ball
2-2: Ball
3-2: Fly out, F8 (Line Drive, 8LD, EV 88.1 MPH)
Batting: RHB Iften Olujimi 0-0: Foul Ball, location: 2F
0-1: Fly out, F8 (Flyball, 8LD, EV 90.6 MPH)
Batting: RHB Francisco Vargas 0-0: Called Strike
0-1: TRIPLE (Groundball, 3L, EV 108.8 MPH)
Batting: SHB Tadaaki Kondo 0-0: Ball
1-0: Called Strike
1-1: SINGLE (Groundball, 4MD, EV 101.9 MPH)
Francisco Vargas scores
Batting: LHB Marc Durgin 0-0: Called Strike
0-1: Called Strike
0-2: Ball
1-2: Foul Ball, location: 2F
1-2: Strikes out swinging
Top of the 1st over - 1 run, 2 hits, 0 errors, 1 left on base; Charleston 1 - Delmarva 0
BOTTOM OF THE 1ST
Delmarva Shorebirds batting - Pitching for Charleston RiverDogs : RHP Andrew Ray
Pitching: RHP Andrew Ray
Batting: RHB Josh Hopp 0-0: Swinging Strike
0-1: Fly out, F7 (Flyball, 7S, EV 77.5 MPH)
Batting: LHB Sam Williams 0-0: Foul Ball, location: 2F
0-1: DOUBLE (Line Drive, 7LM, EV 111.2 MPH)
Batting: RHB Ken Manser 0-0: Ball
1-0: Called Strike
1-1: Ground out 6-3 (Groundball, 6D, EV 106.9 MPH)
Batting: LHB Vinny Rivera 0-0: Ball
1-0: Ball
2-0: Called Strike
2-1: Foul Ball, location: 2F
2-2: Ball
3-2: Foul Ball, location: 2F
3-2: Base on Balls
Batting: RHB Marquis Major 0-0: Foul Ball, location: 2F
0-1: Ball
1-1: Ground out 4-3 (Groundball, 4MS, EV 66.2 MPH)
Bottom of the 1st over - 0 runs, 1 hit, 0 errors, 2 left on base; Charleston 1 - Delmarva 0
TOP OF THE 2ND
Charleston RiverDogs batting - Pitching for Delmarva Shorebirds : LHP Ryan Watkins
Batting: RHB Jeff McClellan 0-0: Ball
1-0: Called Strike
1-1: Called Strike
1-2: Strikes out swinging
Batting: RHB Nate Singleton 0-0: Called Strike
0-1: Hit by Pitch
Batting: RHB Michael Patterson 0-0: Ball
1-0: Called Strike
1-1: Called Strike
1-2: Strikes out looking
Batting: RHB Louwe Starmans 0-0: Fielders Choice at 2nd, U4 (Groundball, 4M, EV 100.6 MPH)
Top of the 2nd over - 0 runs, 0 hits, 0 errors, 1 left on base; Charleston 1 - Delmarva 0
BOTTOM OF THE 2ND
Delmarva Shorebirds batting - Pitching for Charleston RiverDogs : RHP Andrew Ray
Batting: RHB Matthew Neal 0-0: Called Strike
0-1: Ball
1-1: Ground out 6-3 (Groundball, 56, EV 86.9 MPH)
Batting: RHB Ruben Domingues 0-0: Reached on error, E4 (Groundball, 4, EV 91.2 MPH)
Batting: RHB Juan Eyrich 0-0: Foul Ball, location: 2F
0-1: Foul Ball, location: 2F
0-2: Ball
1-2: Strikes out swinging
Batting: LHB Antonio Gutierrez 0-0: Ball
1-0: Foul Ball, location: 2F
1-1: Ball
2-1: DOUBLE (Line Drive, 89D, EV 105.0 MPH)
Ruben Domingues to third
Batting: RHB Josh Hopp 0-0: Swinging Strike
0-1: Ball
1-1: Ball
2-1: Ball
3-1: Called Strike
3-2: Foul Ball, location: 2F
3-2: Ground out 1-3 (Groundball, 13S, EV 71.9 MPH)
Bottom of the 2nd over - 0 runs, 1 hit, 1 error, 2 left on base; Charleston 1 - Delmarva 0
TOP OF THE 3RD
Charleston RiverDogs batting - Pitching for Delmarva Shorebirds : LHP Ryan Watkins
Batting: LHB Ernesto Abreu 0-0: Swinging Strike
0-1: Swinging Strike
0-2: Foul Ball, location: 2F
0-2: Ball
1-2: Strikes out swinging
Batting: RHB Iften Olujimi 0-0: Ground out 6-3 (Groundball, 6M, EV 98.1 MPH)
Batting: RHB Francisco Vargas 0-0: Swinging Strike
0-1: Foul Ball, location: 2F
0-2: Foul Ball, location: 2F
0-2: Strikes out swinging
Top of the 3rd over - 0 runs, 0 hits, 0 errors, 0 left on base; Charleston 1 - Delmarva 0
BOTTOM OF THE 3RD
Delmarva Shorebirds batting - Pitching for Charleston RiverDogs : RHP Andrew Ray
Batting: LHB Sam Williams 0-0: Called Strike
0-1: Called Strike
0-2: Ball
1-2: Strikes out swinging
Batting: RHB Ken Manser 0-0: Called Strike
0-1: Swinging Strike
0-2: Ball
1-2: DOUBLE (Groundball, 5L, EV 111.9 MPH)
Batting: LHB Vinny Rivera 0-0: TRIPLE (Flyball, 9LD, EV 104.4 MPH)
Ken Manser scores
Batting: RHB Marquis Major 0-0: Called Strike
0-1: Ball
1-1: Called Strike
1-2: Strikes out swinging
Batting: RHB Matthew Neal 0-0: Ball
1-0: Fly out, F8 (Line Drive, 8LD, EV 87.5 MPH)
Bottom of the 3rd over - 1 run, 2 hits, 0 errors, 1 left on base; Charleston 1 - Delmarva 1
TOP OF THE 4TH
Charleston RiverDogs batting - Pitching for Delmarva Shorebirds : LHP Ryan Watkins
Batting: SHB Tadaaki Kondo 0-0: Swinging Strike
0-1: Ground out 6-3 (Groundball, 56, EV 102.5 MPH)
Batting: LHB Marc Durgin 0-0: Ball
1-0: Foul Ball, location: 2F
1-1: Ball
2-1: Called Strike
2-2: Ball
3-2: Fly out, F9 (Flyball, 9, EV 90.6 MPH)
Batting: RHB Jeff McClellan 0-0: Ball
1-0: Swinging Strike
1-1: Ball
2-1: Foul Ball, location: 2F
2-2: Ground out 6-3 (Groundball, 6, EV 88.8 MPH)
Top of the 4th over - 0 runs, 0 hits, 0 errors, 0 left on base; Charleston 1 - Delmarva 1
BOTTOM OF THE 4TH
Delmarva Shorebirds batting - Pitching for Charleston RiverDogs : RHP Andrew Ray
Batting: RHB Ruben Domingues 0-0: Ground out 6-3 (Groundball, 6, EV 81.2 MPH)
Batting: RHB Juan Eyrich 0-0: Ball
1-0: DOUBLE (Flyball, 8LD, EV 86.2 MPH)
Batting: LHB Antonio Gutierrez 0-0: Ball
1-0: Foul Ball, location: 2F
1-1: Ground out 4-3 (Groundball, 4D, EV 101.2 MPH)
Juan Eyrich to third
Batting: RHB Josh Hopp 0-0: Ball
1-0: Ball
2-0: Called Strike
2-1: Ground out 5-3 (Groundball, 56, EV 85.0 MPH)
Bottom of the 4th over - 0 runs, 1 hit, 0 errors, 1 left on base; Charleston 1 - Delmarva 1
TOP OF THE 5TH
Charleston RiverDogs batting - Pitching for Delmarva Shorebirds : LHP Ryan Watkins
Batting: RHB Nate Singleton 0-0: Called Strike
0-1: Ground out 6-3 (Groundball, 6, EV 84.4 MPH)
Batting: RHB Michael Patterson 0-0: Ball
1-0: Swinging Strike
1-1: Swinging Strike
1-2: Strikes out looking
Batting: RHB Louwe Starmans 0-0: Foul Ball, location: 2F
0-1: Called Strike
0-2: Ball
1-2: Ball
2-2: Ground out 1-3 (Groundball, 13S, EV 66.9 MPH)
Top of the 5th over - 0 runs, 0 hits, 0 errors, 0 left on base; Charleston 1 - Delmarva 1
BOTTOM OF THE 5TH
Delmarva Shorebirds batting - Pitching for Charleston RiverDogs : RHP Andrew Ray
Batting: LHB Sam Williams 0-0: Called Strike
0-1: Ball
1-1: Ball
2-1: Swinging Strike
2-2: Strikes out swinging
Batting: RHB Ken Manser 0-0: Called Strike
0-1: Ground out 4-3 (Groundball, 4, EV 89.4 MPH)
Batting: LHB Vinny Rivera 0-0: DOUBLE (Flyball, 78D, EV 101.2 MPH)
Batting: RHB Marquis Major 0-0: Swinging Strike
0-1: Ball
1-1: Ball
2-1: Ball
3-1: Called Strike
3-2: Base on Balls
Batting: RHB Matthew Neal 0-0: Ball
1-0: Called Strike
1-1: Fielders Choice at 2nd, 5-4 (Groundball, 5L, EV 97.5 MPH)
Bottom of the 5th over - 0 runs, 1 hit, 0 errors, 2 left on base; Charleston 1 - Delmarva 1
TOP OF THE 6TH
Charleston RiverDogs batting - Pitching for Delmarva Shorebirds : LHP Ryan Watkins
Batting: LHB Ernesto Abreu 0-0: Called Strike
0-1: Ball
1-1: Ball
2-1: Ball
3-1: Base on Balls
Batting: RHB Iften Olujimi 0-0: Ball
1-0: Ball
2-0: Foul Ball, location: 2F
2-1: Ball
3-1: Ground out 6-3 (Groundball, P, EV 83.1 MPH)
Ernesto Abreu to second
Batting: RHB Francisco Vargas 0-0: Called Strike
0-1: Ground out 2-3 (Groundball, 13S, EV 66.9 MPH)
Ernesto Abreu to third
Batting: SHB Tadaaki Kondo 0-0: Hit by Pitch
Batting: LHB Marc Durgin 0-0: Swinging Strike
0-1: Foul Ball, location: 2F
0-2: Ground out 4-3 (Groundball, 3D, EV 103.1 MPH)
Top of the 6th over - 0 runs, 0 hits, 0 errors, 2 left on base; Charleston 1 - Delmarva 1
BOTTOM OF THE 6TH
Delmarva Shorebirds batting - Pitching for Charleston RiverDogs : RHP Andrew Ray
Batting: RHB Ruben Domingues 0-0: Ball
1-0: Ball
2-0: Called Strike
2-1: Swinging Strike
2-2: Ball
3-2: Foul Ball, location: 2F
3-2: Fly out, F9 (Line Drive, 9, EV 107.5 MPH)
Batting: RHB Juan Eyrich 0-0: Foul Ball, location: 2F
0-1: Ground out 1-3 (Groundball, P, EV 63.8 MPH)
Batting: LHB Antonio Gutierrez 0-0: Called Strike
0-1: Swinging Strike
0-2: Ball
1-2: Strikes out swinging
Bottom of the 6th over - 0 runs, 0 hits, 0 errors, 0 left on base; Charleston 1 - Delmarva 1
TOP OF THE 7TH
Charleston RiverDogs batting - Pitching for Delmarva Shorebirds : LHP Ryan Watkins
Batting: RHB Jeff McClellan 0-0: Ball
1-0: Called Strike
1-1: Ball
2-1: Ball
3-1: Foul Ball, location: 2F
3-2: SINGLE (Groundball, 6MD, EV 93.8 MPH)
Batting: RHB Nate Singleton 0-0: Ball
1-0: Called Strike
1-1: Ball
2-1: Foul Ball, location: 2F
2-2: DOUBLE (Groundball, 5L, EV 93.8 MPH)
Jeff McClellan to third
Runner from 3rd tries for Home, SAFE, throw by LF to home
Batting: RHB Michael Patterson 0-0: Called Strike
0-1: Ball
Wild Pitch!
Nate Singleton to third
Squeeze bunt is on, Nate Singleton is out
1-2: Ball
2-2: Ball
3-2: Foul Ball, location: 2F
3-2: Base on Balls
Batting: RHB Louwe Starmans 0-0: Foul Ball, location: 2F
0-1: Swinging Strike
0-2: Strikes out swinging
Batting: LHB Ernesto Abreu 0-0: Ball
1-0: Foul Ball, location: 2F
1-1: Ball
2-1: SINGLE (Line Drive, 89S, EV 85.6 MPH)
Michael Patterson to second
Runner from 2nd tries for 3rd, SAFE, throw by RF made to third
Batting: RHB Iften Olujimi 0-0: Ball
Ernesto Abreu steals 2nd base
1-0: Ball
2-0: Ball
3-0: Base on Balls
Pitching: LHP Lawson Noseworthy
Batting: RHB Francisco Vargas 0-0: Ball
1-0: Ground out 4-3 (Groundball, 34, EV 100.6 MPH)
Top of the 7th over - 1 run, 3 hits, 0 errors, 3 left on base; Charleston 2 - Delmarva 1
BOTTOM OF THE 7TH
Delmarva Shorebirds batting - Pitching for Charleston RiverDogs : RHP Andrew Ray
Now at 2B: Mike Zern
Now in LF: John Sprenkel
Batting: RHB Josh Hopp 0-0: SOLO HOME RUN (Flyball, 89XD, EV 106.2 MPH), Distance : 406 ft
Pitching: LHP Nick Hamlin
Batting: LHB Sam Williams 0-0: Foul Ball, location: 2F
0-1: Ball
1-1: Foul Ball, location: 2F
1-2: Foul Ball, location: 2F
1-2: Strikes out swinging, 2-3 out at first.
Pitching: RHP Willie Perez
Batting: RHB Ken Manser 0-0: Ball
1-0: Called Strike
1-1: Ball
2-1: Ball
3-1: Foul Ball, location: 2F
3-2: SINGLE (Line Drive, 9LS, EV 109.4 MPH)
Batting: LHB Vinny Rivera 0-0: Called Strike
0-1: Swinging Strike
0-2: Ball
1-2: Strikes out swinging
Ken Manser is caught stealing 2nd base 2-6
Batter strikes out.
Bottom of the 7th over - 1 run, 2 hits, 0 errors, 0 left on base; Charleston 2 - Delmarva 2
TOP OF THE 8TH
Charleston RiverDogs batting - Pitching for Delmarva Shorebirds : LHP Lawson Noseworthy
Batting: SHB Tadaaki Kondo 0-0: Called Strike
0-1: Called Strike
0-2: Ball
1-2: Ball
2-2: Ground out 6-3 (Groundball, 4MD, EV 86.9 MPH)
Batting: LHB Marc Durgin 0-0: Foul Ball, location: 2F
0-1: Foul Ball, location: 2F
0-2: Ball
1-2: Ground out 4-3 (Groundball, 4, EV 103.8 MPH)
Batting: RHB Jeff McClellan 0-0: Ball
1-0: Foul Ball, location: 2F
1-1: Ball
2-1: Called Strike
2-2: Ball
3-2: Foul Ball, location: 2F
3-2: Base on Balls
Batting: RHB Nate Singleton 0-0: Ball
1-0: Called Strike
1-1: Ball
2-1: Ball
3-1: Base on Balls
Jeff McClellan to second
Batting: RHB Mike Zern 0-0: Ball
1-0: Ball
2-0: Fly out, F9 (Flyball, 89S, EV 88.1 MPH)
Top of the 8th over - 0 runs, 0 hits, 0 errors, 2 left on base; Charleston 2 - Delmarva 2
BOTTOM OF THE 8TH
Delmarva Shorebirds batting - Pitching for Charleston RiverDogs : RHP Willie Perez
Batting: RHB Marquis Major 0-0: Called Strike
0-1: Ball
1-1: Foul Ball, location: 2F
1-2: Fly out, F4 (Popup, 23, EV 93.1 MPH)
Pinch Hitting: LHB Xue-liang Zhou 0-0: Foul Ball, location: 2F
0-1: Ball
1-1: Ground out U3 (Groundball, 3, EV 85.0 MPH)
Batting: RHB Ruben Domingues 0-0: Ball
1-0: Ball
2-0: Called Strike
2-1: Swinging Strike
2-2: Ground out 5-3 (Groundball, 56, EV 83.1 MPH)
Bottom of the 8th over - 0 runs, 0 hits, 0 errors, 0 left on base; Charleston 2 - Delmarva 2
TOP OF THE 9TH
Charleston RiverDogs batting - Pitching for Delmarva Shorebirds : LHP Lawson Noseworthy
Pitching: RHP Joe Underhill
Now at 3B: Minoru Matsumoto
Pinch Hitting: LHB Jeremiah Walker 0-0: Called Strike
0-1: Ball
1-1: Ball
2-1: Swinging Strike
2-2: Foul Ball, location: 2F
2-2: Strikes out swinging
Pinch Hitting: LHB Joe Vida 0-0: Called Strike
0-1: Ball
1-1: Ball
2-1: Fly out, F4 (Line Drive, 4, EV 72.5 MPH)
Batting: RHB Iften Olujimi 0-0: Foul Ball, location: 2F
0-1: Swinging Strike
0-2: Strikes out swinging
Top of the 9th over - 0 runs, 0 hits, 0 errors, 0 left on base; Charleston 2 - Delmarva 2
BOTTOM OF THE 9TH
Delmarva Shorebirds batting - Pitching for Charleston RiverDogs : RHP Willie Perez
Pitching: RHP Bobby McDonnell
Now at 3B: Gonçalo Burhil
Now in LF: Graham Murphy
Batting: RHB Juan Eyrich 0-0: Ball
1-0: Swinging Strike
1-1: Foul Ball, location: 2F
1-2: Ball
2-2: Foul Ball, location: 2F
2-2: Strikes out swinging
Batting: LHB Antonio Gutierrez 0-0: Ground out 4-3 (Groundball, 4, EV 93.1 MPH)
Batting: RHB Josh Hopp 0-0: Ball
1-0: Ball
2-0: Swinging Strike
2-1: Swinging Strike
2-2: Strikes out looking
Bottom of the 9th over - 0 runs, 0 hits, 0 errors, 0 left on base; Charleston 2 - Delmarva 2
TOP OF THE 10TH
Charleston RiverDogs batting - Pitching for Delmarva Shorebirds : RHP Joe Underhill
Batting: RHB Francisco Vargas 0-0: Ball
1-0: Called Strike
1-1: Fly out, F9 (Flyball, 9D, EV 90.6 MPH)
Batting: SHB Tadaaki Kondo 0-0: Ball
1-0: Ball
2-0: Ball
3-0: Base on Balls
Batting: LHB Marc Durgin 0-0: Ball
1-0: Ball
2-0: Called Strike
2-1: Swinging Strike
2-2: Ground out 6-3 (Groundball, 56, EV 98.8 MPH)
Tadaaki Kondo to second
Batting: RHB Jeff McClellan 0-0: Ball
1-0: Ball
2-0: Foul Ball, location: 2F
2-1: Foul Ball, location: 2F
2-2: Ground out U3 (Groundball, 34S, EV 93.1 MPH)
Top of the 10th over - 0 runs, 0 hits, 0 errors, 1 left on base; Charleston 2 - Delmarva 2
BOTTOM OF THE 10TH
Delmarva Shorebirds batting - Pitching for Charleston RiverDogs : RHP Bobby McDonnell
Batting: LHB Sam Williams 0-0: Foul Ball, location: 2F
0-1: Swinging Strike
0-2: Ball
1-2: Strikes out swinging
Batting: RHB Ken Manser 0-0: Ball
1-0: Called Strike
1-1: Foul Ball, location: 2F
1-2: Strikes out swinging
Batting: LHB Vinny Rivera 0-0: Foul Ball, location: 2F
0-1: Ball
1-1: Ball
2-1: Fly out, F7 (Flyball, 7D, EV 98.8 MPH)
Bottom of the 10th over - 0 runs, 0 hits, 0 errors, 0 left on base; Charleston 2 - Delmarva 2
TOP OF THE 11TH
Charleston RiverDogs batting - Pitching for Delmarva Shorebirds : RHP Joe Underhill
Pinch Hitting: LHB Andrew Davis 0-0: Ground out 6-3 (Groundball, 6, EV 96.9 MPH)
Batting: RHB Mike Zern 0-0: Called Strike
0-1: Ball
1-1: Ball
2-1: Foul Ball, location: 2F
2-2: Strikes out swinging
Batting: RHB Gonçalo Burhil 0-0: Called Strike
0-1: Ball
1-1: Foul Ball, location: 2F
1-2: Foul Ball, location: 2F
1-2: Ball
2-2: Ball
3-2: Fly out, F8 (Flyball, 89M, EV 93.8 MPH)
Top of the 11th over - 0 runs, 0 hits, 0 errors, 0 left on base; Charleston 2 - Delmarva 2
BOTTOM OF THE 11TH
Delmarva Shorebirds batting - Pitching for Charleston RiverDogs : RHP Bobby McDonnell
Now at C: Bobby White
Batting: RHB Marquis Major 0-0: DOUBLE (Flyball, 8LXD, EV 94.4 MPH) - OUT at third base trying to stretch hit.
Batting: RHB Minoru Matsumoto 0-0: Called Strike
0-1: Swinging Strike
0-2: Ball
1-2: Strikes out looking
Batting: RHB Ruben Domingues 0-0: SOLO HOME RUN (Flyball, 9D, EV 96.2 MPH), Distance : 374 ft
Bottom of the 11th over - 1 run, 2 hits, 0 errors, 0 left on base; Charleston 2 - Delmarva 3
Sunday, July 16th , 2023 - OOTP Baseball 24.6 Build 69